 Dungeon Crawl Stone Soup version 0.24.1-14-gf8d2b509d9 (webtiles) character file.

Game seed: 1904147276293242457, levelgen mode: deterministic

7425 KlarStein the Carver (level 10, 0/80 HPs)
             Began as a Demonspawn Berserker on Dec 9, 2020.
             Was a High Priest of Trog.
             Shot with an arrow by a centaur (3 damage)
             ... on level 8 of the Dungeon.
             The game lasted 00:31:24 (6477 turns).

KlarStein the Carver (Demonspawn Berserker)         Turns: 6477, Time: 00:31:25

Health: 0/80       AC: 14    Str: 24    XL:     10   Next: 93%
Magic:  9/9        EV: 16    Int:  8    God:    Trog [*****.]
Gold:   758        SH:  0    Dex: 18    Spells: 9/9 levels left

rFire    + + .     SeeInvis .   C - +1 long sword (vamp)
rCold    x . .     Gourm    +   (no shield)
rNeg     + . .     Faith    .   f - +0 ring mail
rPois    .         Spirit   .   t - +0 helmet
rElec    .         Reflect  .   p - +2 cloak {MR+}
rCorr    .         Harm     .   B - +2 pair of gloves
MR       +....                  (no boots)
Stlth    +.........             q - amulet of the gourmand
HPRegen  0.23/turn              w - ring of Qazlal's Generosity {Fire Str+6 Dex+2}
MPRegen  0.11/turn              y - ring of positive energy

@: no status effects
A: hooves 2, fire resistance 1, low mp 1, powered by death 1, spiny 2
a: Berserk, Trog's Hand, Brothers in Arms, Renounce Religion


You were on level 8 of the Dungeon.
You worshipped Trog.
Trog was extremely pleased with you.
You were completely stuffed.

You visited 2 branches of the dungeon, and saw 9 of its levels.

You collected 758 gold pieces.

Inventory:

Hand Weapons
 a - a +0 falchion
 C - a +1 vampiric long sword (weapon)
Armour
 f - a +0 ring mail (worn)
 p - a +2 cloak of magic resistance (worn)
 r - a +2 cloak
 t - a +0 helmet (worn)
 B - a +2 pair of gloves (worn)
Magical Staves
 g - an uncursed staff of cold
Jewellery
 q - an amulet of the gourmand (around neck)
 w - the ring of Qazlal's Generosity (left hand) {Fire Str+6 Dex+2}
   (You found it on level 4 of the Dungeon)

   [ring of fire]

   It enhances your fire magic.
   It affects your strength (+6).
   It affects your dexterity (+2).
   It protects you from fire.
   It makes you vulnerable to cold.
 y - a ring of positive energy (right hand)
 D - an uncursed ring of fire
 F - an uncursed amulet of harm
 H - an uncursed ring of stealth
Wands
 E - a wand of digging (3)
 G - a wand of acid (14)
 K - a wand of iceblast (8)
Scrolls
 d - 4 scrolls of remove curse
 e - 4 scrolls of identify
 j - a scroll of blinking
 k - 3 scrolls of fear
 l - a scroll of enchant armour
 n - a scroll of amnesia {unknown}
 u - a scroll of fog {unknown}
 v - 3 scrolls of teleportation
Potions
 b - 2 potions of heal wounds
 h - 3 potions of flight
 i - 3 potions of invisibility
 m - 2 potions of haste
 o - 3 potions of curing
 s - 2 potions of brilliance
 J - a potion of mutation
Miscellaneous
 I - a crystal ball of energy
Comestibles
 c - 16 rations
 x - a chunk of flesh


   Skills:
 + Level 8.2 Fighting
 * Level 10.2 Long Blades
 + Level 7.1 Armour
 + Level 7.1 Dodging


You had 9 spell levels left.
You didn't know any spells.
Your spell library was empty.

Dungeon Overview and Level Annotations

Branches:
Dungeon (8/15)             Temple (1/1) D:5            Lair (0/6) D:8

Altars:
Cheibriados
Elyvilon
Gozag
Kikubaaqudgha
Nemelex Xobeh
Qazlal
Ru
Uskayaw
Yredelemnul
The Shining One

Shops:
D:5 %


Innate Abilities, Weirdness & Mutations

You have hoof-like feet.
You regenerate a little health from kills.
You are mostly covered in sharp spines.
Your flesh is heat resistant. (rF+)
Your magical capacity is low. (-10% MP)


Message History

You see here 2 arrows.
The centaur shoots an arrow.
The arrow hits you!
You see here an arrow.
A centaur comes into view. It is carrying a wand of acid (11).
The centaur shouts!
The centaur shoots an arrow.
The arrow barely misses you.
The centaur wields a +0 shortbow.
The centaur shoots an arrow.
The arrow hits you!
The centaur shoots an arrow.
The arrow hits you.
You see here an arrow.
The centaur shoots an arrow.
The arrow misses you.
The centaur shoots an arrow.
The arrow hits you!
* * * LOW HITPOINT WARNING * * *
You see here an arrow.
The centaur shoots an arrow.
The arrow hits you.
* * * LOW HITPOINT WARNING * * *
You see here an arrow.
The centaur shoots an arrow.
The arrow hits you!
* * * LOW HITPOINT WARNING * * *
The centaur shoots an arrow.
The arrow hits you.
You die...

.....#≈#.....#..#.... #≈.#(.....P
..#..#≈#.....'..#.....#≈.........
..#.##≈#######..#######≈...(((#..
..#.###≈ ≈≈ ≈≈≈≈≈≈≈≈≈≈≈#.(((((((.
..#..# . ..$....#(.(((((.≈≈≈≈≈≈#.
.##..##. .....>.##(...≈≈≈≈≈≈≈≈≈≈≈
......# .....###((..≈≈≈≈≈≈cc≈≈≈≈
###########....#.(##≈≈≈≈.####.≈≈≈
.........## #...@..≈≈≈≈c## #.≈≈≈
..........###..$#.#≈≈≈.[# #.≈≈≈
...=.......######..≈≈≈.c.# #c.≈≈
########....# ..≈≈≈≈.... ##...#
#.≈≈≈≈≈... ########....#
#.≈≈≈≈≈.. ...........## #.≈≈≈≈≈≈.
..........## .≈≈≈≈≈≈ .........##


You could see 2 centaurs.

Vanquished Creatures
  A deep elf mage (D:7)
  An ugly thing (D:7)
  A komodo dragon (D:7)
  A kobold demonologist (D:8)
  A troll (D:7)
  A hippogriff (D:7)
  A spriggan (D:7)
  A yak (D:8)
  A hungry ghost (D:7)
  2 porcupines
  A hornet zombie (D:8)
  4 orc warriors
  3 ice beasts
  A phantom (D:7)
  A sky beast (D:7)
  3 black bears (D:8)
  A necrophage (D:8)
  6 ogres
  4 centaurs
  2 big kobolds (D:8)
  6 bullfrogs
  A gnoll sergeant (D:8)
  A water moccasin zombie (D:8)
  3 scorpions
  A killer bee (D:7)
  4 wights (D:8)
  8 howler monkeys
  9 crimson imps
  A centaur skeleton (D:8)
  4 hounds
  2 jellies
  The ghost of Descartes the Charmwright, a weakling FeSk (D:4)
  An orc priest (D:5)
  Crazy Yiuf (D:3)
  3 bullfrog skeletons
  An iguana (D:5)
  12 worker ants
  6 orc wizards
  A hound zombie (D:7)
  A hound skeleton (D:7)
  2 worker ant zombies (D:7)
  11 gnolls
  18 adders
  A hound simulacrum (D:4)
  2 shadow imps
  2 white imps (D:4)
  2 worker ant simulacra (D:4)
  An ooze (D:4)
  2 adder skeletons
  4 worms
  3 dart slugs
  An adder simulacrum (D:4)
  7 leopard geckos
  21 orcs
  6 giant cockroaches
  3 goblins
  6 hobgoblins
  10 jackals
  6 quokkas
  A ball python (D:1)
  5 bats
  4 frilled lizards
  A giant cockroach simulacrum (D:4)
  10 kobolds
  2 leopard gecko skeletons
  A leopard gecko zombie (D:8)
  4 rats
240 creatures vanquished.

Vanquished Creatures (others)
  A plant (D:8)
1 creature vanquished.

Grand Total: 241 creatures vanquished

Notes
Turn   | Place    | Note
-------+----------+-------------------------------------------
     0 | D:1      | KlarStein the Demonspawn Berserker began the quest for the
                  | Orb.
     0 | D:1      | Reached XP level 1. HP: 18/18 MP: 1/1
    63 | D:1      | You fall into a shaft and drop 1 floor!
    92 | D:2      | Reached skill level 3 in Long Blades
    92 | D:2      | Gained mutation: You are partially covered in sharp spines.
                  | [demonic ancestry]
    92 | D:2      | Reached XP level 2. HP: 4/24 MP: 2/2
   402 | D:2      | Found a faded altar of an unknown god.
   605 | D:2      | Reached XP level 3. HP: 29/29 MP: 3/3
   641 | D:2      | Found an ancient bone altar of Kikubaaqudgha.
  1290 | D:1      | Reached ** piety under Trog
  1450 | D:3      | Found a runed translucent door.
  1451 | D:3      | Noticed Crazy Yiuf
  1520 | D:3      | Gained mutation: You have large cloven feet. [demonic
                  | ancestry]
  1520 | D:3      | Reached XP level 4. HP: 35/35 MP: 4/4
  1922 | D:3      | Reached XP level 5. HP: 22/42 MP: 5/5
  2087 | D:3      | Reached skill level 4 in Long Blades
  2111 | D:3      | Found a glowing golden altar of the Shining One.
  2145 | D:3      | Found an opulent altar of Gozag.
  2531 | D:3      | Paralysed by Crazy Yiuf for 7 turns
  2539 | D:3      | Killed Crazy Yiuf
  2702 | D:4      | Reached XP level 6. HP: 48/48 MP: 6/6
  2707 | D:4      | Found a runed translucent gate.
  2707 | D:4      | Found a runed translucent gate.
  2722 | D:4      | Found a runed translucent gate.
  2841 | D:4      | Reached *** piety under Trog
  3118 | D:4      | Reached skill level 5 in Long Blades
  3446 | D:4      | Noticed Descartes's ghost (weakling FeSk)
  3577 | D:4      | Found a snail-covered altar of Cheibriados.
  3719 | D:4      | Gained mutation: You are mostly covered in sharp spines.
                  | [demonic ancestry]
  3719 | D:4      | Reached XP level 7. HP: 41/55 MP: 7/7
  3759 | D:4      | Killed Descartes's ghost
  3775 | D:4      | Got the ring of Qazlal's Generosity {Fire}
  3782 | D:4      | Identified the ring of Qazlal's Generosity {Fire Str+6
                  | Dex+2} (You found it on level 4 of the Dungeon)
  3817 | D:5      | Entered Level 5 of the Dungeon
  3865 | D:5      | Found a basalt altar of Yredelemnul.
  3867 | D:5      | Found Motief Sajo's Food Shoppe.
  4193 | D:5      | Found a white marble altar of Elyvilon.
  4293 | D:5      | Found a staircase to the Ecumenical Temple.
  4296 | D:5      | Reached skill level 5 in Fighting
  4309 | Temple   | Entered the Ecumenical Temple
  4384 | D:5      | Reached skill level 6 in Long Blades
  4513 | D:6      | Gained mutation: You regenerate a little health from kills.
                  | [demonic ancestry]
  4513 | D:6      | Reached XP level 8. HP: 52/62 MP: 8/8
  4544 | D:6      | Reached **** piety under Trog
  4926 | D:6      | Reached skill level 7 in Long Blades
  4929 | D:6      | Found a hide-covered altar of Uskayaw.
  4958 | D:6      | Found a sacrificial altar of Ru.
  5189 | D:7      | Reached skill level 5 in Armour
  5190 | D:7      | Reached skill level 5 in Dodging
  5194 | D:7      | Gained mutation: You have hoof-like feet. [demonic
                  | ancestry]
  5194 | D:7      | Reached XP level 9. HP: 69/69 MP: 9/9
  5204 | D:7      | Noticed a komodo dragon
  5219 | D:7      | Killed a komodo dragon
  5271 | D:7      | Noticed a deep elf mage
  5279 | D:7      | Reached skill level 8 in Long Blades
  5283 | D:7      | Killed a deep elf mage
  5364 | D:7      | Got a pitted troll leather armour
  5403 | D:7      | Noticed a troll
  5411 | D:7      | Killed a troll
  5430 | D:7      | Reached XP level 10. HP: 77/79 MP: 10/10
  5493 | D:7      | Noticed a white ugly thing
  5504 | D:7      | Killed a white ugly thing
  5504 | D:7      | Reached ***** piety under Trog
  5504 | D:7      | Reached skill level 9 in Long Blades
  6134 | D:8      | Gained mutation: Your magical capacity is low. (-10% MP)
                  | [potion of mutation]
  6134 | D:8      | Gained mutation: Your flesh is heat resistant. (rF+)
                  | [potion of mutation]
  6246 | D:8      | Reached skill level 10 in Long Blades
  6276 | D:8      | Received a gift from Trog
  6288 | D:8      | Identified a scroll of acquirement
  6360 | D:8      | Found a stormy altar of Qazlal.
  6450 | D:8      | Found a staircase to the Lair.
  6477 | D:8      | HP: 3/80 [centaur/arrow (12)]
  6477 | D:8      | Shot with an arrow by a centaur

Levels and vault maps discovered:
D:1:      wander_arrival_estate, layout_basic, minmay_hedge_maze,
          minmay_misc_feat_tiny
D:2:      layout_rooms, kiku_gazebo_pond_becter,
          chequers_ecumenical_altar_simple
D:3:      layout_loops_ring, tso_oasis_becter, nicolae_gozag_seed_capital,
          first_ration, uniq_crazy_yiuf_cottage
D:4:      layout_rooms, kennysheep_slug_shrine, gammafunk_ghost_icy
D:5:      minmay_opposing_rooms, layout_basic, yredelemnul_altar_generic,
          minmay_temple_entry_sparse_star, serial_shops, nicolae_shop_stone,
          elyvilon_altar_1
D:6:      layout_basic, marbit_many_paths, kennysheep_mini_moat
D:7:      minmay_the_grid_octo_tiled_octocenter [minmay_the_grid_octo_pinwheel,
          minmay_the_grid_octo_focus, minmay_the_grid_octo_empty,
          minmay_the_grid_octo_teeth, minmay_the_grid_octo_prize_star,
          minmay_the_grid_square_5x5_minibox, minmay_the_grid_square_5x5_z,
          minmay_the_grid_square_5x5_fat_x, minmay_the_grid_square_5x5_spiral],
          layout_basic, the_bakery
D:8:      cheibrodos_ideogram_h, layout_cave_pools,
          nicolae_qazlal_general_emergency, grunt_lair_entry_orc_guard_hut,
          serial_column_ruins, column_ruins_columns_dead_end,
          column_ruins_columns_water, column_ruins_grid_1, column_ruins_grid_1,
          nrook_uturn, centaur_isle
Temple:   nicolae_temple_god_jail

Skill      XL: |  1  2  3  4  5  6  7  8  9 10 |
---------------+-------------------------------+-----
Long Blades    | 3 4 5 6 7 8 10 | 10.2
Armour         | 2 3 4 5 6 7 |  7.1
Dodging        | 2 3 4 5 6 7 |  7.1
Fighting       | 4 5 6 7 8 |  8.2

Action                   |  1- 3 |  4- 6 |  7- 9 | 10-12 || total
-------------------------+-------+-------+-------+-------++-------
Melee: Falchion          |    62 |   120 |   128 |       ||   310
       Kick              |       |    39 |   104 |    76 ||   219
       Long sword        |       |       |    53 |   138 ||   191
Invok: Berserk           |     2 |     2 |     6 |     3 ||    13
       Trog's Hand       |       |       |     1 |     1 ||     2
  Use: Potion            |       |     4 |       |     1 ||     5
       Scroll            |       |       |       |    20 ||    20
 Stab: Sleeping          |     1 |       |       |       ||     1
  Eat: Chunk             |     3 |    21 |    12 |    11 ||    47
Armor: Animal skin       |    10 |       |       |       ||    10
       Robe              |     3 |       |       |       ||     3
       Ring mail         |     5 |    33 |    58 |    72 ||   168
Dodge: Dodged            |    39 |    74 |   101 |   146 ||   360
       Rpst.: Falchion   |    10 |    22 |    19 |       ||    51
       Long sword        |       |       |    14 |    35 ||    49
